Senators vs Demolitions
(R2)
Created - February 19, 2018 at 19:18
Goals
|
| Senators |
0 |
4 |
2 |
6 |
| Demolitions |
2 |
1 |
1 |
4 |
|
Shots
|
| Senators |
6 |
5 |
19 |
30 |
| Demolitions |
12 |
15 |
11 |
38 |
|
1st period
1. Demolitions , Bobby Butler 25 (Erik Condra 25) at 10:29
2. Demolitions , Brandon McMillan 2 (Ryan Bayda 32, Andrew Campbell 14) at 11:14
Penalties :
Patrick Bordeleau (BIN) for Hooking (Minor) at 4:32
2nd period
3. Senators , Marc-André Bernier 18 (Ian Cole 30) at 0:56
4. Demolitions , Erik Condra 33 (Bobby Butler 30, Nicolas Blanchard 23) at 4:46
5. Senators , Stephane Da Costa 38 (Ian Cole 31, Chris Thorburn 41) at 14:05
6. Senators , Stephane Da Costa 39 (Arturs Kulda 1, Gabriel Landeskog 29) at 15:40
7. Senators , Chris Thorburn 41 (Stephane Da Costa 46, Arturs Kulda 2) at 19:06 (PP)
Penalties :
Marc-André Bernier (BIN) for Hooking (Minor) at 1:44, Freddie Hamilton (BIN) for Delaying the game (Minor) at 6:14, Brandon McMillan (Vic) for Tripping (Minor) at 18:52
3rd period
8. Demolitions , Bobby Butler 26 (Nicolas Blanchard 24) at 1:34 (PP)
9. Senators , Stephane Da Costa 40 (Ian Cole 32, Shane Sims 22) at 18:23 (PP)
10. Senators , Chris Thorburn 42 (Stephane Da Costa 47, Logan Stephenson 21) at 19:27
Penalties :
Arturs Kulda (BIN) for Hooking (Minor) at 1:31, Ryan Russell (Vic) for Hooking (Minor) at 4:07, Shane Prince (BIN) for Holding (Minor) at 13:23, Andrew Campbell (Vic) for Roughing (Minor) at 17:35
Goalie Stats
Ben Bishop (BIN), 34 saves from 38 shots - (0.895), W, 5-7-2, 60:00 minutes
Joe Cannata (Vic), 24 saves from 30 shots - (0.800), L, 6-12-4, 60:00 minutes
Players Stats for Senators
Player Name G A P +/- PIM S H SB GA TA FO MP PP MP PK MP
------------------------------------------------------------------------------------
Arturs Kulda 0 2 2 0 2 2 2 4 1 0 0/0 29:39 1:22 4:56
Chandler Stephenson 0 0 0 0 0 0 1 0 0 0 0/1 1:10 0:00 0:00
Chris Thorburn 2 1 3 1 0 4 4 0 1 0 3/3 19:26 1:50 2:24
Dylan Blujus 0 0 0 0 0 0 0 1 0 0 0/0 5:31 0:00 0:00
Freddie Hamilton 0 0 0 0 2 0 1 0 1 0 1/6 12:10 0:00 0:07
Gabriel Bourque 0 0 0 0 0 2 3 1 0 1 0/0 18:02 1:06 2:24
Gabriel Landeskog 0 1 1 1 0 1 1 0 3 0 1/2 23:37 1:50 4:42
Ian Cole 0 3 3 1 0 1 0 3 0 1 0/0 20:18 1:39 3:03
Jarrod Maidens 0 0 0 0 0 0 0 0 0 0 0/0 4:25 0:05 0:00
Jeff Petry 0 0 0 0 0 0 3 0 0 0 0/0 13:07 0:00 0:00
Logan Stephenson 0 1 1 0 0 2 1 2 1 1 0/0 29:46 1:22 4:59
Marc-André Bernier 1 0 1 0 2 5 0 0 1 1 0/0 13:35 0:05 1:24
Matt Frattin 0 0 0 0 0 3 0 0 0 1 0/1 15:35 1:06 0:00
Patrick Bordeleau 0 0 0 0 2 0 2 0 0 0 0/0 6:40 0:00 0:00
Phil Di Giuseppe 0 0 0 0 0 1 0 0 0 0 0/0 9:11 0:05 0:00
Ryan Dzingel 0 0 0 0 0 1 2 0 0 0 0/0 7:59 0:00 0:36
Shane Prince 0 0 0 0 2 0 4 1 0 0 5/10 16:01 1:06 0:09
Shane Sims 0 1 1 1 0 1 1 2 1 2 0/0 19:50 1:39 3:00
Stephane Da Costa 3 2 5 1 0 7 4 2 0 2 16/40 25:54 1:50 4:12
Players Stats for Demolitions
Player Name G A P +/- PIM S H SB GA TA FO MP PP MP PK MP
------------------------------------------------------------------------------------
Aaron Palushaj 0 0 0 0 0 1 2 0 1 0 0/0 11:12 0:00 0:00
Andrej Nestrasil 0 0 0 0 0 0 2 0 0 0 2/2 7:45 0:00 0:00
Andrew Campbell 0 1 1 -1 2 1 3 2 1 2 0/0 31:51 4:54 0:52
Billy Sweat 0 0 0 0 0 0 0 0 0 0 0/0 2:43 2:04 0:00
Bobby Butler 2 1 3 1 0 5 2 0 0 0 1/3 23:52 4:45 1:51
Brandon McMillan 1 0 1 0 2 4 1 0 0 0 2/4 11:11 0:00 0:00
Cameron Schilling 0 0 0 0 0 3 0 1 0 0 0/0 14:19 5:06 0:00
Colton Sceviour 0 0 0 0 0 0 0 0 0 0 0/0 0:00 0:00 0:00
Corban Knight 0 0 0 -1 0 0 3 0 0 0 3/4 14:37 3:04 0:23
Erik Condra 1 1 2 0 0 6 2 0 2 1 3/4 23:12 4:36 0:35
Frazer Mclaren 0 0 0 0 0 1 7 0 0 1 0/0 11:12 0:00 0:00
Jack Skille 0 0 0 -1 0 1 1 0 1 0 1/1 15:10 3:07 0:35
Josh Beaulieu 0 0 0 0 0 0 0 0 0 0 0/0 2:35 1:13 0:35
Mike Sauer 0 0 0 0 0 3 3 3 1 4 0/0 31:04 2:53 1:08
Mikko Lehtonen 0 0 0 0 0 0 1 0 0 0 1/1 8:27 0:16 0:00
Nicolas Blanchard 0 2 2 0 0 8 4 1 1 0 21/40 22:37 4:36 0:00
Robert Bortuzzo 0 0 0 0 0 1 0 2 0 0 0/0 15:39 0:12 1:53
Ryan Bayda 0 1 1 -2 0 2 1 0 2 0 3/4 14:39 0:16 2:03
Ryan Russell 0 0 0 0 2 1 1 0 0 0 0/0 7:45 0:00 0:00
Seth Helgeson 0 0 0 -1 0 1 4 3 0 1 0/0 21:16 2:53 2:09
Taylor Aronson 0 0 0 0 0 0 0 0 0 0 0/0 5:50 0:00 0:00
Thomas DiPauli 0 0 0 0 0 0 0 0 0 0 0/0 0:00 0:00 0:00
3 Stars
1 - Stephane Da Costa (BIN)
2 - Chris Thorburn (BIN)
3 - Bobby Butler (Vic)
Power Play
Senators - 2 on 3 Attempt(s) - 66.67%
Demolitions - 1 on 5 Attempt(s) - 20.00%
Penalty Kill
Senators - 4 on 5 Attempt(s) - 80.00%
- Score 0 goal in Penalty Kill
Demolitions - 1 on 3 Attempt(s) - 33.33%
- Score 0 goal in Penalty Kill
Team Stat
Senators - Hits : 29 - Faceoff Wins : 26 - Blocked Shots : 16 - Penalty Minutes : 10
Demolitions - Hits : 37 - Faceoff Wins : 37 - Blocked Shots : 12 - Penalty Minutes : 6
Official
Referees : Sutherland Kelly and Devorski Paul
Linesman : Brad Lazarowich and Derek Amell
Game Notes
Chandler Stephenson is injured at 7:07 of 1st period (Severed Right Wrist Tendon)
Dylan Blujus is injured at 4:32 of 2nd period (Torso)
6:26 of 2nd period - Demolitions goal is going for a video replay. After video review, No Goal. The goalkeeper has been pushed into the net together with the puck after making a save.
Patrick Bordeleau is injured at 13:22 of 2nd period (Lower Body)
Stephane Da Costa has scored a Hat Trick!
Finance
Level 1 -- Attendance: 1362 (68.10%) -- Ticket Income $47,670
Level 2 -- Attendance: 707 (70.70%) -- Ticket Income $10,605
Total Attendance: 2069 (68.97%)
Total Ticket Income: $58,275
Other Income: $2,914
Total Income: $61,189
Senators
5 vs 5 Forward
Center Left Wing Right Wing Time % Phy DF OF
1 Stephane Da Costa Gabriel Landeskog Chris Thorburn 40 1 2 2
2 Shane Prince Gabriel Bourque Matt Frattin 30 1 2 2
3 Freddie Hamilton Patrick Bordeleau Marc-André Bernier 20 1 2 2
4 Chandler Stephenson Ryan Dzingel Stephane Da Costa 10 1 2 2
5 vs 5 Defense
Defense Defense Time % Phy DF OF
1 Arturs Kulda Logan Stephenson 40 1 2 2
2 Ian Cole Shane Sims 30 1 2 2
3 Jeff Petry Dylan Blujus 20 1 2 2
4 Arturs Kulda Logan Stephenson 10 1 2 2
PowerPlay Forward
Center Left Wing Right Wing Time % Phy DF OF
1 Stephane Da Costa Gabriel Landeskog Chris Thorburn 60 1 2 2
2 Shane Prince Gabriel Bourque Matt Frattin 40 1 2 2
PowerPlay Defense
Defense Defense Time % Phy DF OF
1 Arturs Kulda Logan Stephenson 60 1 2 2
2 Ian Cole Shane Sims 40 1 2 2
Penalty Kill 4 Players Forward
Center Wing Time % Phy DF OF
1 Stephane Da Costa Gabriel Landeskog 60 1 2 2
2 Chris Thorburn Gabriel Bourque 40 1 2 2
Penalty Kill 4 Players Defense
Defense Defense Time % Phy DF OF
1 Arturs Kulda Logan Stephenson 60 1 2 2
2 Ian Cole Shane Sims 40 1 2 2
Penalty Kill - 3 Players Forward
Forward Time % Phy DF OF
1 Stephane Da Costa 60 1 2 2
2 Gabriel Landeskog 40 1 2 2
Penalty Kill - 3 Players Defense
Defense Defense Time % Phy DF OF
1 Arturs Kulda Logan Stephenson 60 1 2 2
2 Ian Cole Shane Sims 40 1 2 2
4 vs 4 Forward
Center Wing Time % Phy DF OF
1 Stephane Da Costa Gabriel Landeskog 60 1 2 2
2 Chris Thorburn Gabriel Bourque 40 1 2 2
4 vs 4 Defense
Defense Defense Time % Phy DF OF
1 Arturs Kulda Logan Stephenson 60 1 2 2
2 Ian Cole Shane Sims 40 1 2 2
Last Minutes Offensive
Center Left Wing Right Wing Defense Defense
Stephane Da Costa Gabriel Landeskog Chris Thorburn Arturs Kulda Logan Stephenson
Last Minutes Defensive
Center Left Wing Right Wing Defense Defense
Stephane Da Costa Gabriel Landeskog Chris Thorburn Arturs Kulda Logan Stephenson
Goaltenders
Starting : Ben Bishop
Backup : Brad Thiessen
Extra Forwards
Normal : Phil Di Giuseppe, Jarrod Maidens, Marc-André Bernier - PP : Phil Di Giuseppe, Jarrod Maidens - PK : Marc-André Bernier
Extra Defensemen
Normal : Jeff Petry, Dylan Blujus, Ian Cole - PP : Jeff Petry - PK : Dylan Blujus, Ian Cole
Penalty Shots
Stephane Da Costa, Gabriel Landeskog, Chris Thorburn, Gabriel Bourque, Matt Frattin
Scratches
Zemgus Girgensons (Strained Back Injury), Tomas Jurco (Left Leg Injury), Keegan Lowe (Sprained Right Finger Injury), Tommy Wingels (Bruised Right Arm Injury), Matt Tomkins (Healthy)
Demolitions
5 vs 5 Forward
Center Left Wing Right Wing Time % Phy DF OF
1 Nicolas Blanchard Bobby Butler Erik Condra 60 0 0 5
2 Corban Knight Ryan Bayda Jack Skille 24 0 0 5
3 Brandon McMillan Frazer Mclaren Aaron Palushaj 12 0 0 5
4 Andrej Nestrasil Ryan Russell Mikko Lehtonen 4 0 0 5
5 vs 5 Defense
Defense Defense Time % Phy DF OF
1 Andrew Campbell Mike Sauer 58 0 0 5
2 Seth Helgeson Robert Bortuzzo 25 0 0 5
3 Cameron Schilling Andrew Campbell 12 0 0 5
4 Andrew Campbell Seth Helgeson 5 0 0 5
PowerPlay Forward
Center Left Wing Right Wing Time % Phy DF OF
1 Nicolas Blanchard Bobby Butler Erik Condra 70 0 0 5
2 Corban Knight Bobby Butler Jack Skille 30 0 0 5
PowerPlay Defense
Defense Defense Time % Phy DF OF
1 Andrew Campbell Cameron Schilling 70 0 0 5
2 Mike Sauer Seth Helgeson 30 0 0 5
Penalty Kill 4 Players Forward
Center Wing Time % Phy DF OF
1 Ryan Bayda Bobby Butler 60 1 2 2
2 Erik Condra Jack Skille 40 1 2 2
Penalty Kill 4 Players Defense
Defense Defense Time % Phy DF OF
1 Andrew Campbell Mike Sauer 60 1 2 2
2 Robert Bortuzzo Seth Helgeson 40 1 2 2
Penalty Kill - 3 Players Forward
Forward Time % Phy DF OF
1 Ryan Bayda 60 1 2 2
2 Bobby Butler 40 1 2 2
Penalty Kill - 3 Players Defense
Defense Defense Time % Phy DF OF
1 Andrew Campbell Mike Sauer 60 1 2 2
2 Seth Helgeson Robert Bortuzzo 40 1 2 2
4 vs 4 Forward
Center Wing Time % Phy DF OF
1 Ryan Bayda Bobby Butler 60 1 2 2
2 Erik Condra Jack Skille 40 1 2 2
4 vs 4 Defense
Defense Defense Time % Phy DF OF
1 Andrew Campbell Seth Helgeson 60 1 2 2
2 Mike Sauer Andrew Campbell 40 1 2 2
Last Minutes Offensive
Center Left Wing Right Wing Defense Defense
Nicolas Blanchard Ryan Bayda Erik Condra Andrew Campbell Seth Helgeson
Last Minutes Defensive
Center Left Wing Right Wing Defense Defense
Nicolas Blanchard Ryan Bayda Erik Condra Andrew Campbell Cameron Schilling
Goaltenders
Starting : Joe Cannata
Backup : Jussi Rynnas
Extra Forwards
Normal : Billy Sweat, Josh Beaulieu, Bobby Butler - PP : Billy Sweat, Josh Beaulieu - PK : Bobby Butler
Extra Defensemen
Normal : Robert Bortuzzo, Andrew Campbell, Mike Sauer - PP : Robert Bortuzzo - PK : Mike Sauer, Seth Helgeson
Penalty Shots
Ryan Bayda, Bobby Butler, Erik Condra, Jack Skille, Mikko Lehtonen
Scratches
Alex Hutchings (Healthy), Ryan Olsen (Healthy), Derek Forbort (Right Foot Injury), Taylor Leier (Healthy), Mitchell Moroz (Healthy)
Nick Pryor (Healthy), Olivier Roy (Healthy), Jake Paterson (Healthy)
% Time on Ice - Senators
Lines # - Real PCT - Wanted PCT - Time Play
Normal Forward
1 - 31% - 40% - 15:13
2 - 30% - 30% - 14:32
3 - 24% - 20% - 11:53
4 - 14% - 10% - 6:57
Normal Defense
1 - 35% - 40% - 16:49
2 - 25% - 30% - 12:23
3 - 37% - 20% - 17:56
4 - 3% - 10% - 1:27
PP Forward
1 - 64% - 60% - 1:55
2 - 36% - 40% - 1:06
PP Defense
1 - 45% - 60% - 1:22
2 - 55% - 40% - 1:39
PK Forward
1 - 70% - 60% - 5:35
2 - 30% - 40% - 2:24
PK Defense
1 - 62% - 60% - 4:59
2 - 38% - 40% - 3:00
PK3 Forward
1 - 0% - 60%
2 - 0% - 40%
PK3 Defense
1 - 0% - 60%
2 - 0% - 40%
44 Forward
1 - 0% - 60%
2 - 0% - 40%
44 Defense
1 - 0% - 60%
2 - 0% - 40%
Last Minute Offensive - 0:00
Last Minute Defensive - 0:25
Total
Forward - 60:00
Defense - 60:00
|
% Time on Ice - Demolitions
Lines # - Real PCT - Wanted PCT - Time Play
Normal Forward
1 - 37% - 60% - 17:41
2 - 24% - 24% - 11:41
3 - 23% - 12% - 11:12
4 - 16% - 4% - 7:45
Normal Defense
1 - 52% - 58% - 25:08
2 - 29% - 25% - 14:00
3 - 18% - 12% - 8:31
4 - 1% - 5% - 0:40
PP Forward
1 - 62% - 70% - 4:55
2 - 38% - 30% - 3:04
PP Defense
1 - 64% - 70% - 5:06
2 - 36% - 30% - 2:53
PK Forward
1 - 81% - 60% - 2:26
2 - 19% - 40% - 0:35
PK Defense
1 - 38% - 60% - 1:08
2 - 62% - 40% - 1:53
PK3 Forward
1 - 0% - 60%
2 - 0% - 40%
PK3 Defense
1 - 0% - 60%
2 - 0% - 40%
44 Forward
1 - 0% - 60%
2 - 0% - 40%
44 Defense
1 - 0% - 60%
2 - 0% - 40%
Last Minute Offensive - 0:41
Last Minute Defensive - 0:00
Total
Forward - 60:00
Defense - 60:00
|
Play by Play
1st period
0:01 of 1st period - Chris Thorburn wins face-off versus Nicolas Blanchard in neutral zone.
1:03 of 1st period - Stephane Da Costa is hit by Frazer Mclaren and loses puck.
1:33 of 1st period - Shane Sims is hit by Ryan Russell and loses puck.
1:48 of 1st period - Snap shot by Andrew Campbell.
1:48 of 1st period - Shot Blocked by Shane Sims.
2:01 of 1st period - Slapshot by Jack Skille.
2:01 of 1st period - Shot Misses the Net.
3:04 of 1st period - Patrick Bordeleau is hit by Nicolas Blanchard and loses puck.
3:19 of 1st period - Slapshot by Arturs Kulda.
3:19 of 1st period - Shot Blocked by Robert Bortuzzo.
3:27 of 1st period - Ryan Bayda is hit by Ryan Dzingel.
3:41 of 1st period - Snap shot by Gabriel Bourque.
3:41 of 1st period - Stopped by Joe Cannata with a rebound.
3:43 of 1st period - Slapshot by Shane Sims.
3:43 of 1st period - Shot Misses the Net.
4:07 of 1st period - Snap shot by Ryan Russell.
4:07 of 1st period - Stopped by Ben Bishop without a rebound.
4:08 of 1st period - Andrej Nestrasil wins face-off versus Freddie Hamilton in Senators zone.
4:13 of 1st period - Snap shot by Ryan Russell.
4:13 of 1st period - Shot Blocked by Logan Stephenson.
4:21 of 1st period - Wrist shot by Marc-André Bernier.
4:21 of 1st period - Stopped by Joe Cannata with a rebound.
4:32 of 1st period - Minor Penalty to Patrick Bordeleau for Hooking.
4:33 of 1st period - Stephane Da Costa wins face-off versus Nicolas Blanchard in Senators zone.
5:20 of 1st period - Andrew Campbell is hit by Stephane Da Costa and loses puck.
6:23 of 1st period - Logan Stephenson is hit by Ryan Bayda.
6:32 of 1st period - Penalty to Patrick Bordeleau is over, Patrick Bordeleau is back on ice.
6:42 of 1st period - Snap shot by Gabriel Bourque.
6:42 of 1st period - Stopped by Joe Cannata with a rebound.
6:54 of 1st period - Backhand shot by Ryan Dzingel.
6:54 of 1st period - Stopped by Joe Cannata without a rebound.
6:55 of 1st period - Mikko Lehtonen wins face-off versus Chandler Stephenson in Demolitions zone.
6:55 of 1st period - Mikko Lehtonen is hit by Chandler Stephenson.
7:06 of 1st period - Chandler Stephenson is hit by Andrej Nestrasil and loses puck.
7:07 of 1st period - Chandler Stephenson from Senators is injured at 7:07 of 1st period (Severed Right Wrist Tendon).
7:08 of 1st period - Nicolas Blanchard wins face-off versus Stephane Da Costa in Senators zone.
7:39 of 1st period - Slapshot by Brandon McMillan.
7:39 of 1st period - Stopped by Ben Bishop without a rebound.
7:40 of 1st period - Shane Prince wins face-off versus Brandon McMillan in Senators zone.
7:40 of 1st period - Shane Prince is hit by Frazer Mclaren.
7:48 of 1st period - Snap shot by Gabriel Bourque.
7:48 of 1st period - Shot Misses the Net.
7:50 of 1st period - Slapshot by Shane Sims.
7:50 of 1st period - Shot Misses the Net.
7:52 of 1st period - Slapshot by Ian Cole.
7:52 of 1st period - Shot Misses the Net.
9:22 of 1st period - Logan Stephenson is hit by Frazer Mclaren and loses puck.
9:46 of 1st period - Wrist shot by Ryan Bayda.
9:46 of 1st period - Stopped by Ben Bishop without a rebound.
9:47 of 1st period - Andrej Nestrasil wins face-off versus Stephane Da Costa in Senators zone.
10:06 of 1st period - Logan Stephenson is hit by Nicolas Blanchard and loses puck.
10:11 of 1st period - Snap shot by Erik Condra.
10:11 of 1st period - Stopped by Ben Bishop without a rebound.
10:12 of 1st period - Erik Condra wins face-off versus Shane Prince in Senators zone.
10:13 of 1st period - Snap shot by Bobby Butler.
10:13 of 1st period - Shot Misses the Net.
10:15 of 1st period - Slapshot by Seth Helgeson.
10:15 of 1st period - Shot Blocked by Ian Cole.
10:17 of 1st period - Backhand shot by Mike Sauer.
10:17 of 1st period - Shot Misses the Net.
10:19 of 1st period - Wrist shot by Bobby Butler.
10:19 of 1st period - Shot Misses the Net.
10:27 of 1st period - Wrist shot by Bobby Butler.
10:27 of 1st period - Deflect By Erik Condra.
10:27 of 1st period - Shot Misses the Net.
10:27 of 1st period - Puck is out of play.
10:28 of 1st period - Erik Condra wins face-off versus Stephane Da Costa in Senators zone.
10:29 of 1st period - Snap shot by Bobby Butler.
10:29 of 1st period - Goal by Bobby Butler - Senators : 0 - Demolitions : 1.
10:30 of 1st period - Nicolas Blanchard wins face-off versus Stephane Da Costa in neutral zone.
10:33 of 1st period - Slapshot by Andrew Campbell.
10:33 of 1st period - Stopped by Ben Bishop with a rebound.
10:55 of 1st period - Arturs Kulda is hit by Jack Skille and loses puck.
11:14 of 1st period - Wrist shot by Ryan Bayda.
11:14 of 1st period - Deflect By Brandon McMillan.
11:14 of 1st period - Goal by Brandon McMillan - Senators : 0 - Demolitions : 2.
11:15 of 1st period - Chris Thorburn wins face-off versus Nicolas Blanchard in neutral zone.
11:20 of 1st period - Slapshot by Gabriel Landeskog.
11:20 of 1st period - Stopped by Joe Cannata without a rebound.
11:21 of 1st period - Gabriel Landeskog wins face-off versus Nicolas Blanchard in Demolitions zone.
11:26 of 1st period - Wrist shot by Stephane Da Costa.
11:26 of 1st period - Shot Blocked by Andrew Campbell.
11:40 of 1st period - Chris Thorburn is hit by Mike Sauer and loses puck.
11:55 of 1st period - Wrist shot by Chris Thorburn.
11:55 of 1st period - Shot Misses the Net.
12:09 of 1st period - Wrist shot by Erik Condra.
12:09 of 1st period - Shot Blocked by Arturs Kulda.
12:11 of 1st period - Wrist shot by Erik Condra.
12:11 of 1st period - Deflect By Bobby Butler.
12:11 of 1st period - Stopped by Ben Bishop with a rebound.
12:13 of 1st period - Snap shot by Nicolas Blanchard.
12:13 of 1st period - Stopped by Ben Bishop with a rebound.
12:15 of 1st period - Slapshot by Mike Sauer.
12:15 of 1st period - Stopped by Ben Bishop with a rebound.
12:17 of 1st period - Slapshot by Mike Sauer.
12:17 of 1st period - Stopped by Ben Bishop without a rebound.
12:18 of 1st period - Corban Knight wins face-off versus Shane Prince in Senators zone.
12:33 of 1st period - Snap shot by Ryan Bayda.
12:33 of 1st period - Shot Blocked by Gabriel Bourque.
12:43 of 1st period - Robert Bortuzzo is hit by Patrick Bordeleau and loses puck.
13:13 of 1st period - Icing by Matt Frattin.
13:14 of 1st period - Corban Knight wins face-off versus Shane Prince in Senators zone.
14:00 of 1st period - Off-side.
14:01 of 1st period - Brandon McMillan wins face-off versus Stephane Da Costa in neutral zone.
14:03 of 1st period - Cameron Schilling is hit by Stephane Da Costa and loses puck.
14:10 of 1st period - Andrew Campbell is hit by Stephane Da Costa and loses puck.
15:10 of 1st period - Wrist shot by Brandon McMillan.
15:10 of 1st period - Stopped by Ben Bishop with a rebound.
15:12 of 1st period - Snap shot by Brandon McMillan.
15:12 of 1st period - Deflect By Frazer Mclaren.
15:12 of 1st period - Shot Blocked by Stephane Da Costa.
15:12 of 1st period - Puck is out of play.
15:13 of 1st period - Erik Condra wins face-off versus Shane Prince in Senators zone.
15:39 of 1st period - Seth Helgeson is hit by Patrick Bordeleau.
15:59 of 1st period - Gabriel Bourque is hit by Seth Helgeson and loses puck.
16:56 of 1st period - Andrew Campbell is hit by Arturs Kulda and loses puck.
18:11 of 1st period - Logan Stephenson is hit by Corban Knight and loses puck.
18:31 of 1st period - Wrist shot by Stephane Da Costa.
18:31 of 1st period - Stopped by Joe Cannata with a rebound.
19:58 of 1st period - Off-side.
19:59 of 1st period - Nicolas Blanchard wins face-off versus Freddie Hamilton in neutral zone.
Goals for this period are 0 for Senators vs 2 for Demolitions.
Shots for this period are 6 for Senators vs 12 for Demolitions.
2nd period
0:01 of 2nd period - Stephane Da Costa wins face-off versus Nicolas Blanchard in neutral zone.
0:09 of 2nd period - Mike Sauer is hit by Arturs Kulda and loses puck.
0:16 of 2nd period - Snap shot by Bobby Butler.
0:16 of 2nd period - Stopped by Ben Bishop with a rebound.
0:26 of 2nd period - Mike Sauer is hit by Shane Prince.
0:48 of 2nd period - Wrist shot by Marc-André Bernier.
0:48 of 2nd period - Shot Misses the Net.
0:56 of 2nd period - Wrist shot by Marc-André Bernier.
0:56 of 2nd period - Goal by Marc-André Bernier - Senators : 1 - Demolitions : 2.
0:57 of 2nd period - Stephane Da Costa wins face-off versus Nicolas Blanchard in neutral zone.
1:04 of 2nd period - Slapshot by Nicolas Blanchard.
1:04 of 2nd period - Stopped by Ben Bishop with a rebound.
1:06 of 2nd period - Backhand shot by Nicolas Blanchard.
1:06 of 2nd period - Stopped by Ben Bishop with a rebound.
1:08 of 2nd period - Snap shot by Erik Condra.
1:08 of 2nd period - Shot Misses the Net.
1:10 of 2nd period - Slapshot by Seth Helgeson.
1:10 of 2nd period - Shot Blocked by Logan Stephenson.
1:12 of 2nd period - Slapshot by Robert Bortuzzo.
1:12 of 2nd period - Deflect By Chris Thorburn.
1:12 of 2nd period - Stopped by Ben Bishop with a rebound.
1:22 of 2nd period - Matt Frattin is hit by Seth Helgeson and loses puck.
1:44 of 2nd period - Minor Penalty to Marc-André Bernier for Hooking.
1:45 of 2nd period - Stephane Da Costa wins face-off versus Bobby Butler in Senators zone.
2:34 of 2nd period - Icing by Erik Condra.
2:35 of 2nd period - Chris Thorburn wins face-off versus Nicolas Blanchard in Demolitions zone.
3:36 of 2nd period - Billy Sweat is hit by Chris Thorburn and loses puck.
3:44 of 2nd period - Penalty to Marc-André Bernier is over, Marc-André Bernier is back on ice.
4:32 of 2nd period - Slapshot by Andrew Campbell.
4:32 of 2nd period - Shot Blocked by Dylan Blujus.
4:32 of 2nd period - Dylan Blujus from Senators is injured at 4:32 of 2nd period (Torso).
4:33 of 2nd period - Nicolas Blanchard wins face-off versus Stephane Da Costa in Senators zone.
4:40 of 2nd period - Wrist shot by Bobby Butler.
4:40 of 2nd period - Deflect By Nicolas Blanchard.
4:40 of 2nd period - Shot Misses the Net.
4:40 of 2nd period - Puck is out of play.
4:41 of 2nd period - Nicolas Blanchard wins face-off versus Stephane Da Costa in Senators zone.
4:44 of 2nd period - Slapshot by Bobby Butler.
4:44 of 2nd period - Stopped by Ben Bishop with a rebound.
4:46 of 2nd period - Snap shot by Erik Condra.
4:46 of 2nd period - Goal by Erik Condra - Senators : 1 - Demolitions : 3.
4:47 of 2nd period - Stephane Da Costa wins face-off versus Nicolas Blanchard in neutral zone.
4:50 of 2nd period - Snap shot by Arturs Kulda.
4:50 of 2nd period - Shot Misses the Net.
4:52 of 2nd period - Snap shot by Chris Thorburn.
4:52 of 2nd period - Deflect By Gabriel Landeskog.
4:52 of 2nd period - Shot Misses the Net.
4:52 of 2nd period - Puck is out of play.
4:53 of 2nd period - Stephane Da Costa wins face-off versus Nicolas Blanchard in Demolitions zone.
5:05 of 2nd period - Off-side.
5:06 of 2nd period - Nicolas Blanchard wins face-off versus Stephane Da Costa in neutral zone.
5:10 of 2nd period - Off-side.
5:11 of 2nd period - Nicolas Blanchard wins face-off versus Gabriel Landeskog in neutral zone.
5:21 of 2nd period - Logan Stephenson is hit by Andrew Campbell and loses puck.
5:24 of 2nd period - Snap shot by Gabriel Landeskog.
5:24 of 2nd period - Deflect By Nicolas Blanchard.
5:24 of 2nd period - Shot Misses the Net.
5:24 of 2nd period - Puck is out of play.
5:25 of 2nd period - Bobby Butler wins face-off versus Stephane Da Costa in Demolitions zone.
5:30 of 2nd period - Shane Sims is hit by Nicolas Blanchard and loses puck.
5:59 of 2nd period - Snap shot by Matt Frattin.
5:59 of 2nd period - Shot Misses the Net.
6:01 of 2nd period - Wrist shot by Matt Frattin.
6:01 of 2nd period - Shot Misses the Net.
6:14 of 2nd period - Minor Penalty to Freddie Hamilton for Delaying the game.
6:15 of 2nd period - Nicolas Blanchard wins face-off versus Stephane Da Costa in Senators zone.
6:20 of 2nd period - Snap shot by Nicolas Blanchard.
6:20 of 2nd period - Stopped by Ben Bishop with a rebound.
6:22 of 2nd period - Slapshot by Cameron Schilling.
6:22 of 2nd period - Shot Blocked by Arturs Kulda.
6:24 of 2nd period - Wrist shot by Nicolas Blanchard.
6:24 of 2nd period - Shot Misses the Net.
6:26 of 2nd period - Wrist shot by Cameron Schilling.
6:26 of 2nd period - Demolitions goal is going for a video replay.
6:26 of 2nd period - The goal is refused. The goalkeeper has been pushed into the net together with the puck after making a save..
6:27 of 2nd period - Nicolas Blanchard wins face-off versus Stephane Da Costa in Senators zone.
6:32 of 2nd period - Snap shot by Erik Condra.
6:32 of 2nd period - Stopped by Ben Bishop without a rebound.
6:33 of 2nd period - Nicolas Blanchard wins face-off versus Stephane Da Costa in Senators zone.
6:46 of 2nd period - Snap shot by Cameron Schilling.
6:46 of 2nd period - Stopped by Ben Bishop with a rebound.
6:48 of 2nd period - Slapshot by Andrew Campbell.
6:48 of 2nd period - Shot Blocked by Arturs Kulda.
8:14 of 2nd period - Penalty to Freddie Hamilton is over, Freddie Hamilton is back on ice.
8:24 of 2nd period - Brandon McMillan is hit by Gabriel Bourque and loses puck.
8:29 of 2nd period - Wrist shot by Gabriel Bourque.
8:29 of 2nd period - Shot Misses the Net.
8:31 of 2nd period - Slapshot by Arturs Kulda.
8:31 of 2nd period - Shot Misses the Net.
9:41 of 2nd period - Shane Sims is hit by Mike Sauer and loses puck.
10:04 of 2nd period - Corban Knight is hit by Gabriel Bourque and loses puck.
11:01 of 2nd period - Gabriel Bourque is hit by Corban Knight and loses puck.
11:18 of 2nd period - Ian Cole is hit by Nicolas Blanchard and loses puck.
11:44 of 2nd period - Gabriel Bourque is hit by Frazer Mclaren and loses puck.
12:06 of 2nd period - Freddie Hamilton is hit by Seth Helgeson and loses puck.
12:32 of 2nd period - Shane Prince is hit by Bobby Butler and loses puck.
12:51 of 2nd period - Chris Thorburn is hit by Andrej Nestrasil and loses puck.
13:21 of 2nd period - Patrick Bordeleau is hit by Frazer Mclaren and loses puck.
13:22 of 2nd period - Patrick Bordeleau from Senators is injured at 13:22 of 2nd period (Lower Body).
13:23 of 2nd period - Stephane Da Costa wins face-off versus Nicolas Blanchard in Senators zone.
13:23 of 2nd period - Stephane Da Costa is hit by Mike Sauer.
13:48 of 2nd period - Logan Stephenson is hit by Aaron Palushaj and loses puck.
14:01 of 2nd period - Snap shot by Chris Thorburn.
14:01 of 2nd period - Shot Misses the Net.
14:05 of 2nd period - Slapshot by Stephane Da Costa.
14:05 of 2nd period - Goal by Stephane Da Costa - Senators : 2 - Demolitions : 3.
14:06 of 2nd period - Nicolas Blanchard wins face-off versus Shane Prince in neutral zone.
14:33 of 2nd period - Marc-André Bernier is hit by Corban Knight and loses puck.
14:56 of 2nd period - Wrist shot by Brandon McMillan.
14:56 of 2nd period - Stopped by Ben Bishop with a rebound.
14:58 of 2nd period - Snap shot by Frazer Mclaren.
14:58 of 2nd period - Stopped by Ben Bishop without a rebound.
14:59 of 2nd period - Brandon McMillan wins face-off versus Stephane Da Costa in Senators zone.
15:00 of 2nd period - Slapshot by Cameron Schilling.
15:00 of 2nd period - Shot Blocked by Ian Cole.
15:04 of 2nd period - Slapshot by Aaron Palushaj.
15:04 of 2nd period - Shot Misses the Net.
15:06 of 2nd period - Snap shot by Aaron Palushaj.
15:06 of 2nd period - Stopped by Ben Bishop with a rebound.
15:08 of 2nd period - Slapshot by Cameron Schilling.
15:08 of 2nd period - Shot Misses the Net.
15:10 of 2nd period - Snap shot by Aaron Palushaj.
15:10 of 2nd period - Shot Blocked by Stephane Da Costa.
15:12 of 2nd period - Snap shot by Cameron Schilling.
15:12 of 2nd period - Stopped by Ben Bishop with a rebound.
15:14 of 2nd period - Snap shot by Brandon McMillan.
15:14 of 2nd period - Deflect By Frazer Mclaren.
15:14 of 2nd period - Shot Blocked by Shane Sims.
15:14 of 2nd period - Puck is out of play.
15:15 of 2nd period - Shane Prince wins face-off versus Nicolas Blanchard in Senators zone.
15:26 of 2nd period - Snap shot by Nicolas Blanchard.
15:26 of 2nd period - Stopped by Ben Bishop without a rebound.
15:27 of 2nd period - Stephane Da Costa wins face-off versus Erik Condra in Senators zone.
15:36 of 2nd period - Wrist shot by Gabriel Landeskog.
15:36 of 2nd period - Shot Blocked by Mike Sauer.
15:38 of 2nd period - Slapshot by Arturs Kulda.
15:38 of 2nd period - Shot Misses the Net.
15:40 of 2nd period - Snap shot by Stephane Da Costa.
15:40 of 2nd period - Goal by Stephane Da Costa - Senators : 3 - Demolitions : 3.
15:41 of 2nd period - Stephane Da Costa wins face-off versus Nicolas Blanchard in neutral zone.
16:52 of 2nd period - Mike Sauer is hit by Stephane Da Costa and loses puck.
17:05 of 2nd period - Wrist shot by Marc-André Bernier.
17:05 of 2nd period - Shot Misses the Net.
17:34 of 2nd period - Robert Bortuzzo is hit by Jeff Petry and loses puck.
17:47 of 2nd period - Slapshot by Stephane Da Costa.
17:47 of 2nd period - Shot Misses the Net.
17:49 of 2nd period - Slapshot by Ian Cole.
17:49 of 2nd period - Shot Blocked by Cameron Schilling.
18:11 of 2nd period - Cameron Schilling is hit by Logan Stephenson and loses puck.
18:52 of 2nd period - Minor Penalty to Brandon McMillan for Tripping.
18:53 of 2nd period - Stephane Da Costa wins face-off versus Ryan Bayda in Demolitions zone.
18:58 of 2nd period - Wrist shot by Gabriel Landeskog.
18:58 of 2nd period - Shot Misses the Net.
19:00 of 2nd period - Slapshot by Logan Stephenson.
19:00 of 2nd period - Stopped by Joe Cannata with a rebound.
19:06 of 2nd period - Snap shot by Chris Thorburn.
19:06 of 2nd period - Goal by Chris Thorburn - Senators : 4 - Demolitions : 3.
19:07 of 2nd period - Nicolas Blanchard wins face-off versus Stephane Da Costa in neutral zone.
Goals for this period are 4 for Senators vs 1 for Demolitions.
Shots for this period are 5 for Senators vs 15 for Demolitions.
3rd period
0:01 of 3rd period - Nicolas Blanchard wins face-off versus Stephane Da Costa in neutral zone.
0:08 of 3rd period - Slapshot by Erik Condra.
0:08 of 3rd period - Stopped by Ben Bishop without a rebound.
0:09 of 3rd period - Stephane Da Costa wins face-off versus Nicolas Blanchard in Senators zone.
0:13 of 3rd period - Off-side.
0:14 of 3rd period - Stephane Da Costa wins face-off versus Nicolas Blanchard in neutral zone.
0:39 of 3rd period - Chris Thorburn is hit by Frazer Mclaren and loses puck.
0:45 of 3rd period - Off-side.
0:46 of 3rd period - Shane Prince wins face-off versus Brandon McMillan in neutral zone.
0:55 of 3rd period - Snap shot by Matt Frattin.
0:55 of 3rd period - Stopped by Joe Cannata without a rebound.
0:56 of 3rd period - Shane Prince wins face-off versus Nicolas Blanchard in Demolitions zone.
0:59 of 3rd period - Snap shot by Matt Frattin.
0:59 of 3rd period - Shot Blocked by Seth Helgeson.
1:01 of 3rd period - Slapshot by Arturs Kulda.
1:01 of 3rd period - Shot Hit the Post.
1:03 of 3rd period - Snap shot by Shane Prince.
1:03 of 3rd period - Shot Misses the Net.
1:05 of 3rd period - Wrist shot by Matt Frattin.
1:05 of 3rd period - Stopped by Joe Cannata without a rebound.
1:06 of 3rd period - Nicolas Blanchard wins face-off versus Stephane Da Costa in Demolitions zone.
1:06 of 3rd period - Nicolas Blanchard is hit by Gabriel Landeskog.
1:13 of 3rd period - Andrew Campbell is hit by Chris Thorburn and loses puck.
1:22 of 3rd period - Wrist shot by Stephane Da Costa.
1:22 of 3rd period - Shot Misses the Net.
1:31 of 3rd period - Minor Penalty to Arturs Kulda for Hooking.
1:32 of 3rd period - Nicolas Blanchard wins face-off versus Stephane Da Costa in Senators zone.
1:34 of 3rd period - Wrist shot by Bobby Butler.
1:34 of 3rd period - Goal by Bobby Butler - Senators : 4 - Demolitions : 4.
1:35 of 3rd period - Nicolas Blanchard wins face-off versus Stephane Da Costa in neutral zone.
1:44 of 3rd period - Snap shot by Erik Condra.
1:44 of 3rd period - Deflect By Arturs Kulda.
1:44 of 3rd period - Stopped by Ben Bishop without a rebound.
1:45 of 3rd period - Stephane Da Costa wins face-off versus Nicolas Blanchard in Senators zone.
1:50 of 3rd period - Slapshot by Logan Stephenson.
1:50 of 3rd period - Stopped by Joe Cannata with a rebound.
1:52 of 3rd period - Snap shot by Chris Thorburn.
1:52 of 3rd period - Shot Blocked by Mike Sauer.
1:54 of 3rd period - Slapshot by Chris Thorburn.
1:54 of 3rd period - Stopped by Joe Cannata with a rebound.
1:58 of 3rd period - Slapshot by Stephane Da Costa.
1:58 of 3rd period - Stopped by Joe Cannata without a rebound.
1:59 of 3rd period - Stephane Da Costa wins face-off versus Nicolas Blanchard in Demolitions zone.
2:24 of 3rd period - Corban Knight is hit by Shane Prince.
2:33 of 3rd period - Icing by Gabriel Bourque.
2:34 of 3rd period - Shane Prince wins face-off versus Nicolas Blanchard in Senators zone.
2:39 of 3rd period - Backhand shot by Gabriel Bourque.
2:39 of 3rd period - Shot Misses the Net.
2:49 of 3rd period - Snap shot by Matt Frattin.
2:49 of 3rd period - Stopped by Joe Cannata with a rebound.
4:07 of 3rd period - Minor Penalty to Ryan Russell for Hooking.
4:08 of 3rd period - Ryan Bayda wins face-off versus Stephane Da Costa in Demolitions zone.
4:23 of 3rd period - Snap shot by Stephane Da Costa.
4:23 of 3rd period - Stopped by Joe Cannata with a rebound.
5:17 of 3rd period - Snap shot by Corban Knight.
5:17 of 3rd period - Shot Misses the Net.
5:23 of 3rd period - Josh Beaulieu is hit by Shane Prince and loses puck.
5:50 of 3rd period - Slapshot by Robert Bortuzzo.
5:50 of 3rd period - Shot Misses the Net.
6:07 of 3rd period - Penalty to Ryan Russell is over, Ryan Russell is back on ice.
6:14 of 3rd period - Shane Sims is hit by Andrew Campbell and loses puck.
7:16 of 3rd period - Mike Sauer is hit by Gabriel Bourque and loses puck.
7:49 of 3rd period - Ian Cole is hit by Bobby Butler and loses puck.
8:17 of 3rd period - Shane Sims is hit by Aaron Palushaj and loses puck.
8:30 of 3rd period - Logan Stephenson is hit by Mikko Lehtonen and loses puck.
8:37 of 3rd period - Wrist shot by Ryan Russell.
8:37 of 3rd period - Shot Blocked by Shane Prince.
8:52 of 3rd period - Icing by Mikko Lehtonen.
8:53 of 3rd period - Nicolas Blanchard wins face-off versus Freddie Hamilton in Demolitions zone.
9:02 of 3rd period - Snap shot by Erik Condra.
9:02 of 3rd period - Shot Misses the Net.
9:04 of 3rd period - Backhand shot by Andrew Campbell.
9:04 of 3rd period - Deflect By Erik Condra.
9:04 of 3rd period - Stopped by Ben Bishop with a rebound.
9:06 of 3rd period - Backhand shot by Mike Sauer.
9:06 of 3rd period - Stopped by Ben Bishop with a rebound.
9:08 of 3rd period - Snap shot by Nicolas Blanchard.
9:08 of 3rd period - Stopped by Ben Bishop with a rebound.
9:27 of 3rd period - Andrew Campbell is hit by Ryan Dzingel and loses puck.
9:43 of 3rd period - Arturs Kulda is hit by Brandon McMillan and loses puck.
10:05 of 3rd period - Ian Cole is hit by Seth Helgeson and loses puck.
10:26 of 3rd period - Snap shot by Nicolas Blanchard.
10:26 of 3rd period - Stopped by Ben Bishop with a rebound.
10:28 of 3rd period - Snap shot by Nicolas Blanchard.
10:28 of 3rd period - Shot Misses the Net.
10:30 of 3rd period - Slapshot by Seth Helgeson.
10:30 of 3rd period - Stopped by Ben Bishop with a rebound.
10:40 of 3rd period - Cameron Schilling is hit by Shane Sims and loses puck.
10:58 of 3rd period - Arturs Kulda is hit by Frazer Mclaren.
12:19 of 3rd period - Robert Bortuzzo is hit by Chris Thorburn and loses puck.
13:23 of 3rd period - Minor Penalty to Shane Prince for Holding.
13:24 of 3rd period - Stephane Da Costa wins face-off versus Nicolas Blanchard in Senators zone.
13:24 of 3rd period - Stephane Da Costa is hit by Erik Condra.
13:34 of 3rd period - Wrist shot by Nicolas Blanchard.
13:34 of 3rd period - Stopped by Ben Bishop without a rebound.
13:35 of 3rd period - Stephane Da Costa wins face-off versus Bobby Butler in Senators zone.
13:35 of 3rd period - Stephane Da Costa is hit by Erik Condra.
13:47 of 3rd period - Snap shot by Cameron Schilling.
13:47 of 3rd period - Shot Blocked by Arturs Kulda.
14:01 of 3rd period - Arturs Kulda is hit by Andrew Campbell and loses puck.
14:14 of 3rd period - Slapshot by Cameron Schilling.
14:14 of 3rd period - Shot Blocked by Ian Cole.
15:23 of 3rd period - Penalty to Shane Prince is over, Shane Prince is back on ice.
15:32 of 3rd period - Seth Helgeson is hit by Jeff Petry and loses puck.
16:09 of 3rd period - Cameron Schilling is hit by Jeff Petry and loses puck.
16:48 of 3rd period - Josh Beaulieu is hit by Freddie Hamilton and loses puck.
16:53 of 3rd period - Snap shot by Arturs Kulda.
16:53 of 3rd period - Stopped by Joe Cannata with a rebound.
16:55 of 3rd period - Snap shot by Arturs Kulda.
16:55 of 3rd period - Shot Blocked by Robert Bortuzzo.
16:57 of 3rd period - Wrist shot by Marc-André Bernier.
16:57 of 3rd period - Stopped by Joe Cannata without a rebound.
16:58 of 3rd period - Nicolas Blanchard wins face-off versus Stephane Da Costa in Demolitions zone.
17:01 of 3rd period - Snap shot by Gabriel Landeskog.
17:01 of 3rd period - Shot Blocked by Andrew Campbell.
17:20 of 3rd period - Mike Sauer is hit by Shane Prince and loses puck.
17:25 of 3rd period - Wrist shot by Gabriel Bourque.
17:25 of 3rd period - Shot Misses the Net.
17:27 of 3rd period - Slapshot by Ian Cole.
17:27 of 3rd period - Stopped by Joe Cannata with a rebound.
17:29 of 3rd period - Slapshot by Shane Prince.
17:29 of 3rd period - Shot Misses the Net.
17:35 of 3rd period - Minor Penalty to Andrew Campbell for Roughing.
17:36 of 3rd period - Ryan Bayda wins face-off versus Stephane Da Costa in Demolitions zone.
18:05 of 3rd period - Snap shot by Gabriel Bourque.
18:05 of 3rd period - Shot Blocked by Seth Helgeson.
18:07 of 3rd period - Slapshot by Shane Sims.
18:07 of 3rd period - Stopped by Joe Cannata without a rebound.
18:08 of 3rd period - Ryan Bayda wins face-off versus Stephane Da Costa in Demolitions zone.
18:23 of 3rd period - Slapshot by Stephane Da Costa.
18:23 of 3rd period - Goal by Stephane Da Costa - Senators : 5 - Demolitions : 4.
18:24 of 3rd period - Nicolas Blanchard wins face-off versus Freddie Hamilton in neutral zone.
18:39 of 3rd period - Slapshot by Arturs Kulda.
18:39 of 3rd period - Shot Blocked by Nicolas Blanchard.
18:46 of 3rd period - Icing by Mike Sauer.
18:47 of 3rd period - Nicolas Blanchard wins face-off versus Stephane Da Costa in Demolitions zone.
19:00 of 3rd period - Snap shot by Stephane Da Costa.
19:00 of 3rd period - Stopped by Joe Cannata with a rebound.
19:02 of 3rd period - Slapshot by Chris Thorburn.
19:02 of 3rd period - Deflect By Erik Condra.
19:02 of 3rd period - Stopped by Joe Cannata without a rebound.
19:03 of 3rd period - Adams Oates call a timeout for Demolitions.
19:03 of 3rd period - Nicolas Blanchard wins face-off versus Stephane Da Costa in Demolitions zone.
19:08 of 3rd period - Nicolas Blanchard is hit by Chris Thorburn and loses puck.
19:25 of 3rd period - Slapshot by Stephane Da Costa.
19:25 of 3rd period - Shot Blocked by Seth Helgeson.
19:27 of 3rd period - Snap shot by Chris Thorburn.
19:27 of 3rd period - Goal by Chris Thorburn - Senators : 6 - Demolitions : 4.
19:28 of 3rd period - Freddie Hamilton wins face-off versus Corban Knight in neutral zone.
19:31 of 3rd period - Backhand shot by Arturs Kulda.
19:31 of 3rd period - Deflect By Marc-André Bernier.
19:31 of 3rd period - Stopped by Joe Cannata with a rebound.
19:33 of 3rd period - Wrist shot by Marc-André Bernier.
19:33 of 3rd period - Shot Misses the Net.
19:35 of 3rd period - Snap shot by Arturs Kulda.
19:35 of 3rd period - Stopped by Joe Cannata with a rebound.
19:37 of 3rd period - Slapshot by Freddie Hamilton.
19:37 of 3rd period - Shot Misses the Net.
19:39 of 3rd period - Snap shot by Marc-André Bernier.
19:39 of 3rd period - Shot Blocked by Mike Sauer.
19:41 of 3rd period - Snap shot by Phil Di Giuseppe.
19:41 of 3rd period - Stopped by Joe Cannata with a rebound.
19:43 of 3rd period - Wrist shot by Marc-André Bernier.
19:43 of 3rd period - Stopped by Joe Cannata without a rebound.
19:44 of 3rd period - Corban Knight wins face-off versus Matt Frattin in Demolitions zone.
19:51 of 3rd period - Wrist shot by Ryan Bayda.
19:51 of 3rd period - Stopped by Ben Bishop with a rebound.
19:57 of 3rd period - Slapshot by Jack Skille.
19:57 of 3rd period - Stopped by Ben Bishop without a rebound.
19:58 of 3rd period - Jack Skille wins face-off versus Freddie Hamilton in Senators zone.
19:59 of 3rd period - Snap shot by Ryan Bayda.
19:59 of 3rd period - Shot Misses the Net.
Goals for this period are 2 for Senators vs 1 for Demolitions.
Shots for this period are 19 for Senators vs 11 for Demolitions.
Back to the Top